 Dungeon Crawl Stone Soup version 0.21.1-1-g345015fe64 (webtiles) character file.

30 Ivernyr the Shooter (level 3, 0/28 HPs)
             Began as a Centaur Arcane Marksman on Mar 25, 2018.
             Slain by a hound (3 damage)
             ... on level 1 of the Dungeon.
             The game lasted 00:05:47 (1632 turns).

Ivernyr the Shooter (Centaur Arcane Marksman)       Turns: 1632, Time: 00:05:47

Health: 0/28       AC:  5    Str: 12    XL:     3   Next: 3%
Magic:  3/4        EV:  9    Int: 12    God:
Gold:   27         SH:  0    Dex: 10    Spells: 3/4 levels left

rFire    . . .     SeeInvis .   (no weapon)
rCold    . . .     Gourm    .   (no shield)
rNeg     + . .     Faith    .   e - +0 robe
rPois    .         Spirit   .   l - +0 helmet
rElec    .         Reflect  .   (no cloak)
rCorr    .         Harm     .   (no gloves)
MR       .....                  (no barding)
Stlth    +.........             (no amulet)
HPRegen  0.09/turn              h - ring of positive energy
MPRegen  0.09/turn              (no ring)

@: very quick
A: large, hooves 3, deformed body, speed 2, tough skin 3
a: no special abilities


You were on level 1 of the Dungeon.
You were not hungry.

You visited 1 branch of the dungeon, and saw 2 of its levels.

You collected 27 gold pieces.

Inventory:

Hand Weapons
 a - a +0 shortbow
Missiles
 d - 48 arrows
Armour
 e - a +0 robe (worn)
 l - a +0 helmet (worn)
Jewellery
 h - a ring of positive energy (left hand)
 k - a +5 ring of strength {unknown}
Scrolls
 b - a scroll of enchant armour {unknown}
 g - a scroll of random uselessness {unknown}
 i - a scroll of enchant weapon {unknown}
 j - a scroll of amnesia {unknown}
 m - a scroll of immolation {unknown}
Potions
 n - a potion of curing {unknown}
Books
 c - a book of Debilitation

   Spells                             Type                      Level
   a - Corona                         Hexes                        1
   b - Slow                           Hexes                        2
   c - Inner Flame                    Hexes/Fire                   3
   d - Portal Projectile              Hexes/Translocation          3
   e - Cause Fear                     Hexes                        4
   f - Leda's Liquefaction            Hexes/Earth                  4
Comestibles
 f - 4 rations


   Skills:
 + Level 1.6 Fighting
 * Level 3.9 Bows
 - Level 1.3 Dodging
 - Level 1.0 Spellcasting
 + Level 3.0 Hexes


You had 3 spell levels left.
You knew the following spells:

 Your Spells              Type           Power        Failure   Level  Hunger
a - Corona                Hex            #......      9%          1    ##.....


Dungeon Overview and Level Annotations

Branches:
Dungeon (2/15)

Altars:


Innate Abilities, Weirdness & Mutations

You have hooves in place of feet.
Armour fits poorly on your strangely shaped body.
You cover ground very quickly.
You have extremely tough skin. (AC +3)


Message History

The hound is severely wounded.
The hound bites you.
* * * LOW HITPOINT WARNING * * *
The hound closely misses you.
Casting: Corona
Confirm with . or Enter, or press ? or * to list all spells.
Aiming: Corona
Press: ? - help, Shift-Dir - straight line, f/p - bat
Aim: a bat (softly glowing, chance to defeat MR: 59%)
The hound is outlined in light.
The hound barely misses you.
You barely miss the hound.
The hound is severely wounded.
The hound bites you.
* * * LOW HITPOINT WARNING * * *
The hound bites you.
* * * LOW HITPOINT WARNING * * *
You barely miss the hound.
The hound is severely wounded.
The hound bites you.
You die...

#.# ##.######.##.
####.###### #...)....##.
#..÷......# #.#######...
#.#######.# ##)## #... #.#
#.# ##...## #... #.# #####.#
##.....## ###. #†###.....#
##.......## ##.
#........)###.........####..
#####......@hb........'.....
#....####.........####..
#.#.## ##....>.)## ##. #.###
##.....## ## #.#
#######...## #.# #.........#
#.# #......)..#
#.####.######..#
#..............#


You could see a hound and a bat.

Vanquished Creatures
  2 leopard geckos (D:1)
  A bat (D:1)
  5 giant cockroaches (D:1)
  3 goblins (D:1)
  2 hobgoblins (D:1)
  3 jackals (D:1)
  A frilled lizard (D:1)
  2 kobolds (D:1)
  5 rats (D:1)
24 creatures vanquished.

Notes
Turn   | Place    | Note
-------+----------+-------------------------------------------
     0 | D:1      | Ivernyr the Centaur Arcane Marksman began the quest for the Orb.
     0 | D:1      | Reached XP level 1. HP: 16/16 MP: 2/2
   276 | D:1      | Reached XP level 2. HP: 22/23 MP: 3/3
  1167 | D:1      | HP: 1/23 [jackal (3)]
  1493 | D:1      | Reached XP level 3. HP: 28/28 MP: 4/4
  1632 | D:1      | Slain by a hound

Skill      XL: |  1  2 |
---------------+-------+-----
Bows           | 3 |  3.9
Hexes          | 3 |  3.0
Fighting       | |  1.6
Dodging        | |  1.3
Spellcasting   | |  1.0

Action                   || total
-------------------------++-------
Melee: Unarmed           ||   150
       Kick              ||    25
 Fire: Shortbow          ||     4
 Cast: Corona            ||     9
  Eat: Chunk             ||     2
Armor: Robe              ||    52
Dodge: Dodged            ||    93
